 Dungeon Crawl Stone Soup version 0.19.4-8-ga85b6b9 (webtiles) character file.

51 Naow the Shield-Bearer (level 4, -1/35 HPs)
             Began as a Formicid Fighter on Feb 14, 2017.
             Slain by an ogre
             ... wielding a +0 giant club
              (12 damage)
             ... on level 3 of the Dungeon.
             The game lasted 00:02:22 (2119 turns).

Naow the Shield-Bearer (Formicid Fighter)           Turns: 2119, Time: 00:02:22

Health: -1/35      AC:  6    Str: 27    XL:     4   Next: 5%
Magic:  13/13      EV: 11    Int:  7    God:
Gold:   153        SH: 10    Dex: 10    Spells: 0 memorised, 3 levels left

rFire  . . .     SeeInvis +     a - +0 war axe
rCold  . . .     Gourm    .     b - +0 scale mail
rNeg   . . .     Faith    .     c - +0 shield
rPois  .         Spirit   .     (helmet unavailable)
rElec  .         Reflect  .     (no cloak)
rCorr  .         Harm     .     (no gloves)
MR     .....                    (no boots)
Stlth  ..........               (no amulet)
                                s - ring of magical power
                                r - +3 ring of evasion

@: mighty
A: permanent stasis, dig shafts and tunnels, four strong arms, antennae 3
a: Dig, Shaft Self


You were on level 3 of the Dungeon.
You were not hungry.

You visited 1 branch of the dungeon, and saw 3 of its levels.

You collected 153 gold pieces.

Inventory:

Hand Weapons
 a - a +0 war axe (weapon)
Armour
 b - a +0 scale mail (worn)
 c - a +0 shield (worn)
Jewellery
 r - a +3 ring of evasion (left hand)
 s - a ring of magical power (right hand)
Scrolls
 h - a scroll of remove curse {unknown}
 i - a scroll of fog {unknown}
 j - a scroll of teleportation {unknown}
 k - 2 scrolls of identify {unknown}
 m - 2 scrolls of fear {unknown}
 n - a scroll of noise {unknown}
 o - 2 scrolls of random uselessness {unknown}
 q - a scroll of magic mapping {unknown}
Potions
 e - a potion of lignification {unknown}
 p - a potion of agility {unknown}
 v - 2 potions of curing
Comestibles
 f - 3 bread rations
 l - 2 meat rations
 t - a royal jelly
 u - 2 fruits


   Skills:
 - Level 3.2 Fighting
 * Level 3.6 Axes
 - Level 3.2 Armour
 + Level 4.2 Shields


You had 3 spell levels left.
You didn't know any spells.

Dungeon Overview and Level Annotations

Branches:
Dungeon (3/15)

Altars:
Uskayaw


Innate Abilities, Weirdness & Mutations

You are under a permanent stasis effect.
You can dig through walls and to a lower floor.
Your four strong arms can wield two-handed weapons with a shield.
You have a pair of large antennae on your head. (SInv)


Message History

HP restored.
Done exploring.
You climb downwards.
The ogre barely misses you.
There is a stone staircase leading up here.
You barely miss the ogre. You block the ogre's attack.
You hit the ogre but do no damage. The ogre hits you with a giant club!!
Ouch! That really hurt!
You are too injured to fight recklessly!
You feel very mighty all of a sudden. You block the ogre's attack.
You slice the ogre!!
The ogre is severely wounded.
You block the ogre's attack.
You barely miss the ogre.
The ogre is severely wounded.
The ogre hits you with a giant club.
You hit the ogre.
The ogre is almost dead.
The ogre hits you with a giant club!
You die...

.# ##...## #.##.#.# .#
##.....####.##.#.#
.###.>.....#...#..#.#
.##..(.......#.#....#
..'.....###.........#
.##..8..._...8.#....#
.##......)..........###
.##..8.......8.#.##...#
####...........#@O....#
.###.8.......8.####...#
..##.........[.# ##.##
.###.#..##.##### #.#
####.##.##.# #.#
##...)...#.# #.#
##.#.......# #.#
...#.#...#.# #.#
####.......#########.#


You could see an ogre.

Vanquished Creatures
  An adder (D:2)
  2 worms (D:2)
  A dart slug (D:1)
  A leopard gecko (D:2)
  5 bats
  6 goblins
  2 hobgoblins
  2 jackals (D:1)
  A frilled lizard (D:1)
  6 kobolds
  8 rats
35 creatures vanquished.

Notes
Turn   | Place    | Note
-------+----------+-------------------------------------------
     0 | D:1      | Naow the Formicid Fighter began the quest for the Orb.
     0 | D:1      | Reached XP level 1. HP: 18/18 MP: 1/1
    99 | D:1      | Reached XP level 2. HP: 16/24 MP: 2/2
   816 | D:2      | Reached XP level 3. HP: 29/29 MP: 3/3
  1159 | D:2      | Reached skill level 4 in Shields
  1731 | D:3      | Found a hide-covered altar of Uskayaw.
  1794 | D:3      | Reached XP level 4. HP: 35/35 MP: 4/4
  1956 | D:3      | Noticed an ogre
  2119 | D:3      | Slain by an ogre

Skill      XL: |  1  2  3 |
---------------+----------+-----
Axes           | 3 |  3.6
Shields        | 4 |  4.2
Fighting       | |  3.2
Armour         | |  3.2

Action                   |  1- 3 |  4- 6 || total
-------------------------+-------+-------++-------
Melee: War axe           |   113 |    14 ||   127
  Use: Potion            |     1 |     1 ||     2
  Eat: Chunk             |     3 |     1 ||     4
Armor: Scale mail        |    48 |     2 ||    50
Dodge: Dodged            |    51 |     4 ||    55
Block: Shield            |    65 |     7 ||    72
